 Dungeon Crawl Stone Soup version 0.21-a0-510-g5070ee8bc0 (webtiles) character file.

354 Kaname the Conjurer (level 6, -2/41 HPs)
             Began as a Demonspawn Wizard on Dec 1, 2017.
             Slain by a centaur (4 damage)
             ... on level 4 of the Dungeon.
             The game lasted 00:09:01 (3497 turns).

Kaname the Conjurer (Demonspawn Wizard)             Turns: 3497, Time: 00:09:02

Health: -2/41      AC:  3    Str:  8    XL:     6   Next: 35%
Magic:  12/12      EV: 12    Int: 21    God:
Gold:   106        SH:  0    Dex: 11    Spells: 4/13 levels left

rFire    . . .     SeeInvis .   m - +2 hand axe (venom)
rCold    . . .     Gourm    .   (no shield)
rNeg     . . .     Faith    .   a - +0 robe
rPois    .         Spirit   .   b - +0 hat
rElec    .         Reflect  .   (no cloak)
rCorr    .         Harm     .   k - +0 pair of gloves
MR       .....                  (no boots)
Stlth    ++........             (no amulet)
HPRegen  0.13/turn              (no ring)
MPRegen  0.13/turn              (no ring)

@: no status effects
A: claws 1, demonic guardian 2, powered by death 1
a: no special abilities


You were on level 4 of the Dungeon.
You were not hungry.

You visited 1 branch of the dungeon, and saw 4 of its levels.

You collected 106 gold pieces.

Inventory:

Hand Weapons
 m - a +2 hand axe of venom (weapon)
Missiles
 p - 8 javelins (quivered)
Armour
 a - a +0 robe (worn)
 b - a +0 hat (worn)
 k - a +0 pair of gloves (worn)
Scrolls
 e - 4 scrolls of identify {unknown}
 i - 2 scrolls of remove curse {unknown}
 l - 4 scrolls of teleportation {unknown}
 n - a scroll of blinking {unknown}
 o - a scroll of immolation {unknown}
Potions
 c - a potion of brilliance {unknown}
 g - a potion of berserk rage {unknown}
 h - 2 potions of flight {unknown}
 j - a potion of mutation {unknown}
Comestibles
 d - a bread ration
 f - 2 royal jellies


   Skills:
 - Level 1.7 Dodging
 - Level 1.7 Stealth
 - Level 4.1 Spellcasting
 + Level 5.0 Conjurations
   Level 1.0 Summonings
 - Level 1.1 Translocations
 - Level 1.1 Fire Magic
 - Level 1.0 Air Magic
 - Level 1.1 Poison Magic


You had 4 spell levels left.
You knew the following spells:

 Your Spells              Type           Power        Failure   Level  Hunger
a - Magic Dart            Conj           ####         1%          1    None
b - Blink                 Tloc           N/A          12%         2    #......
c - Mephitic Cloud        Conj/Pois/Air  ##......     13%         3    ###....
d - Conjure Flame         Conj/Fire      ###.....     10%         3    ###....


Dungeon Overview and Level Annotations

Branches:
Dungeon (4/15)
 Temple: D:4-7

Altars:


Innate Abilities, Weirdness & Mutations

You have sharp fingernails.
A demonic guardian rushes to your aid.
You regenerate a little health from kills.


Message History

A centaur comes into view.
A centaur is nearby!
A centaur is nearby!
A centaur is nearby!
A centaur is nearby!
The centaur hits you! The centaur completely misses you.
You slash the centaur!
The centaur is poisoned.
The centaur is moderately wounded.
The centaur hits you! x2
You hit the centaur.
The centaur is severely wounded.
The centaur hits you but does no damage.
The centaur hits you!
* * * LOW HITPOINT WARNING * * *
You closely miss the centaur.
The centaur is severely wounded.
The centaur hits you!
* * * LOW HITPOINT WARNING * * *
The centaur hits you.
You die...

....##....##...........# ##..#
....###.....†##......... #..#
....# ##.....###..####..####..##
....# #.....# #..## ##........##
....# #....(# ##..###..#####....
....## #.....## ..... ##...
.....###......###... ..# #...
.....##........#.c# #..# #...
...............>@# ..# ###...
................## #.####.....
...........†....# #..........
#...............## #..........
###..............######...###....
##.............................
###..................#####..#.
##..######.......### ###.# ####
####..### #...


You could see a centaur.

Vanquished Creatures
  An ogre (D:2)
  A scorpion (D:4)
  5 gnolls (D:2)
  4 adders
  7 oozes (D:1)
  2 worms (D:2)
  3 dart slugs
  5 leopard geckos
  2 orcs
  2 ball pythons
  7 bats
  10 giant cockroaches
  5 goblins
  10 hobgoblins
  8 jackals
  13 kobolds
  3 quokkas
  8 frilled lizards
  9 rats
105 creatures vanquished.

Notes
Turn   | Place    | Note
-------+----------+-------------------------------------------
     0 | D:1      | Kaname the Demonspawn Wizard began the quest for the Orb.
     0 | D:1      | Reached XP level 1. HP: 13/13 MP: 4/4
     1 | D:1      | Found a runed door.
    67 | D:1      | Reached skill level 2 in Conjurations
   138 | D:1      | Gained mutation: A weak demonic guardian rushes to your aid. [demonic ancestry]
   138 | D:1      | Reached XP level 2. HP: 12/19 MP: 4/6
   142 | D:1      | Learned a level 2 spell: Blink
   634 | D:1      | Reached skill level 3 in Conjurations
   650 | D:1      | Gained mutation: A demonic guardian rushes to your aid. [demonic ancestry]
   650 | D:1      | Reached XP level 3. HP: 24/24 MP: 0/7
   701 | D:2      | Reached skill level 1 in Translocations
   706 | D:2      | Learned a level 3 spell: Mephitic Cloud
   791 | D:2      | Noticed an ogre
   807 | D:2      | Killed an ogre
   807 | D:2      | Reached skill level 4 in Conjurations
   807 | D:2      | Gained mutation: You have sharp fingernails. [demonic ancestry]
   807 | D:2      | Reached XP level 4. HP: 17/30 MP: 0/8
   965 | D:2      | Learned a level 3 spell: Conjure Flame
  1036 | D:2      | Reached skill level 1 in Air Magic
  1039 | D:2      | Reached XP level 5. HP: 19/35 MP: 3/9
  1056 | D:2      | Reached skill level 1 in Poison Magic
  1266 | D:2      | Reached skill level 1 in Fire Magic
  2322 | D:1      | Reached skill level 5 in Conjurations
  2372 | D:1      | Gained mutation: You regenerate a little health from kills. [demonic ancestry]
  2372 | D:1      | Reached XP level 6. HP: 14/41 MP: 11/11
  3497 | D:4      | HP: 2/41 [centaur (7)]
  3497 | D:4      | Slain by a centaur

Vault maps used:
D:1:      dpeg_arrival_caged_fury
D:2:      minmay_mini_jars
D:4:      minmay_temple_entry_purple_smoke

Skill      XL: |  1  2  3  4  5  6 |
---------------+-------------------+-----
Conjurations   | 2 3 4 5 |  5.0
Translocations | 1 |  1.1
Air Magic      | 1 |  1.0
Poison Magic   | 1 |  1.1
Fire Magic     | 1 |  1.1
Spellcasting   | 4 |  4.1
Dodging        | |  1.7
Stealth        | |  1.7
Summonings     | |  1.0

Action                   |  1- 3 |  4- 6 || total
-------------------------+-------+-------++-------
Melee: Unarmed           |    28 |       ||    28
       Falchion          |       |    51 ||    51
       Hand axe          |       |    96 ||    96
 Cast: Magic Dart        |    54 |    83 ||   137
       Mephitic Cloud    |       |     2 ||     2
 Stab: Confused          |       |     3 ||     3
       Sleeping          |       |     2 ||     2
       Distracted        |       |     1 ||     1
  Eat: Chunk             |       |     8 ||     8
Armor: Robe              |     3 |    24 ||    27
Dodge: Dodged            |    23 |    93 ||   116
       Rpst.: Falchion   |       |     9 ||     9

Table legend:
 A = Spawn XP
 B = Non-spawn XP
 C = Spawn XP percentage of total XP
 D = Spawn monster count
 E = Non-spawn monster count
 F = Spawn count percentage of total count
 G = Total turns spent on level
                    A         B        C        D         E        F      G
               +---------+---------+-------+---------+---------+-------+---------
         Total |       0 |     507 |   0.0 |       0 |     105 |   0.0 |  3497
               +---------+---------+-------+---------+---------+-------+---------
           D:1 |       0 |     110 |   0.0 |       0 |      39 |   0.0 |  1077
           D:2 |       0 |     272 |   0.0 |       0 |      43 |   0.0 |  1518
           D:3 |       0 |      56 |   0.0 |       0 |      19 |   0.0 |   704
           D:4 |       0 |      69 |   0.0 |       0 |       4 |   0.0 |   198
               +---------+---------+-------+---------+---------+-------+---------
